 Dungeon Crawl Stone Soup version 0.21.0-24-g2553a33 (webtiles) character file.

109 tidbits the Grave Robber (level 4, -2/32 HPs)
             Began as a Gnoll Necromancer on Jan 20, 2018.
             Killed from afar by an orc wizard (9 damage)
             ... with a magic dart
             ... on level 3 of the Dungeon.
             The game lasted 00:06:32 (924 turns).

tidbits the Grave Robber (Gnoll Necromancer)         Turns: 924, Time: 00:06:33

Health: -2/32      AC:  7    Str: 11    XL:     4   Next: 90%
Magic:  0/11       EV: 15    Int: 18    God:
Gold:   99         SH:  0    Dex: 15    Spells: 5/13 levels left

rFire    . . .     SeeInvis .   a - +2 dagger (venom)
rCold    . . .     Gourm    .   (no shield)
rNeg     . . .     Faith    .   l - +0 robe
rPois    .         Spirit   .   (no helmet)
rElec    .         Reflect  .   (no cloak)
rCorr    .         Harm     .   G - +0 pair of gloves (curse)
MR       .....                  (no boots)
Stlth    +++.......             (no amulet)
HPRegen  0.10/turn              U - +4 ring of protection
MPRegen  0.12/turn              (no ring)

@: no status effects
A: distributed training, fangs 1, strong nose
a: no special abilities


You were on level 3 of the Dungeon.
You were not hungry.

You visited 1 branch of the dungeon, and saw 4 of its levels.

You collected 99 gold pieces.

Inventory:

Hand Weapons
 a - a +2 dagger of venom (weapon)
   (You took it off an orc wizard on level 4 of the Dungeon)
 d - a +0 club
 e - a +0 mace
 g - a +0 whip
 s - a +1 vampiric trident
   (You found it on level 2 of the Dungeon)
 t - a +0 dagger
Missiles
 f - 12 arrows
Armour
 l - a +0 robe (worn)
 G - a cursed +0 pair of gloves (worn)
Jewellery
 U - a +4 ring of protection (left hand)
   (You found it on level 2 of the Dungeon)
Wands
 i - a wand of flame (15)
Scrolls
 h - a scroll of enchant weapon {unknown}
 j - 2 scrolls of teleportation {unknown}
 k - a scroll of remove curse {unknown}
 p - a scroll of amnesia {unknown}
Potions
 m - 2 potions of curing {unknown}
 n - a potion of lignification {unknown}
 o - a potion of might {unknown}
 q - a potion of invisibility {unknown}
 r - a potion of degeneration {unknown}
Books
 b - a book of Necromancy

   Spells                             Type                      Level
   a - Pain                           Necromancy                   1
   b - Animate Skeleton               Necromancy                   1
   c - Vampiric Draining              Necromancy                   3
   d - Regeneration                   Charms/Necromancy            3
   e - Animate Dead                   Necromancy                   4
   f - Borgnjor's Vile Clutch         Necromancy/Earth             5
Comestibles
 c - 3 rations


   Skills:
 + Level 1.2 Fighting
 + Level 1.2 Short Blades
 + Level 1.2 Long Blades
 + Level 1.2 Axes
 + Level 1.2 Maces & Flails
 + Level 1.2 Polearms
 + Level 1.2 Staves
 + Level 1.2 Slings
 + Level 1.2 Bows
 + Level 1.2 Crossbows
 + Level 1.2 Throwing
 + Level 1.2 Armour
 + Level 4.7 Dodging
 + Level 4.3 Stealth
 + Level 1.2 Shields
 + Level 1.2 Unarmed Combat
 + Level 5.1 Spellcasting
 + Level 1.0 Conjurations
 + Level 1.0 Hexes
 + Level 1.0 Charms
 + Level 1.0 Summonings
 + Level 7.1 Necromancy
 + Level 1.0 Translocations
 + Level 1.0 Transmutations
 + Level 1.0 Fire Magic
 + Level 1.0 Ice Magic
 + Level 1.0 Air Magic
 + Level 1.0 Earth Magic
 + Level 1.0 Poison Magic
 + Level 1.3 Invocations
 + Level 1.2 Evocations


You had 5 spell levels left.
You knew the following spells:

 Your Spells              Type           Power        Failure   Level  Hunger
a - Pain                  Necr           ####         1%          1    None
d - Vampiric Draining     Necr           ####......   1%          3    ##.....
n - Animate Skeleton      Necr           N/A          1%          1    None
r - Regeneration          Chrm/Necr      ###.......   8%          3    ##.....


Dungeon Overview and Level Annotations

Branches:
Dungeon (4/15)
 Temple: D:4-7

Altars:
Elyvilon
Nemelex Xobeh
Okawaru
Ru
Wu Jian


Innate Abilities, Weirdness & Mutations

Your experience applies equally to all skills.
You have very sharp teeth.
Your uncanny sense of smell can sniff out nearby items.


Message History

Confirm with . or Enter, or press ? or * to list all spells.
Aiming: Pain
Press: ? - help, Shift-Dir - straight line, f/p - orc wizard
Aim: an orc wizard, wielding a dagger of venom and wearing a robe (lightly wounded, chance to defeat MR: 84%)
The orc wizard writhes in agony!
Casting: Pain
Confirm with . or Enter, or press ? or * to list all spells.
Aiming: Vampiric Draining
Press: ? - help, Shift-Dir - straight line, f/p - orc wizard
Aim: an orc wizard, wielding a dagger of venom and wearing a robe (severely wounded)
You kill the orc wizard!
Your Conjurations skill increases to level 1!
Your Hexes skill increases to level 1!
Your Charms skill increases to level 1!
Your Summonings skill increases to level 1!
Your Translocations skill increases to level 1!
Your Transmutations skill increases to level 1!
Your Fire Magic skill increases to level 1!
Your Ice Magic skill increases to level 1!
Your Air Magic skill increases to level 1!
Your Earth Magic skill increases to level 1!
Your Poison Magic skill increases to level 1!
You feel life coursing into your body.
You feel sick.
You completely miss the orc. The orc hits you with a club.
Casting: Vampiric Draining
Confirm with . or Enter, or press ? or * to list all spells.
Aiming: Pain
Press: ? - help, Shift-Dir - straight line, f - orc
Aim: an orc, wielding a club and wearing a ring mail (chance to defeat MR: 93%)
The orc writhes in agony!
The orc hits you with a club.
* * * LOW HITPOINT WARNING * * *
An orc comes into view. It is wielding a club.
Casting: Pain
Confirm with . or Enter, or press ? or * to list all spells.
Aiming: Pain
Press: ? - help, Shift-Dir - straight line, f/p - orc
Aim: an orc, wielding a club and wearing a ring mail (almost dead, chance to defeat MR: 93%)
The orc writhes in agony!
You kill the orc!
You feel sick. The orc hits you with a club.
* * * LOW HITPOINT WARNING * * *
Items here: )) [[ † a club; a ring mail; a dagger of venom; a robe; an orc corpse
Casting: Pain
Confirm with . or Enter, or press ? or * to list all spells.
Aiming: Pain
Press: ? - help, Shift-Dir - straight line, f - orc
Aim: an orc, wielding a club and wearing a leather armour (chance to defeat MR: 93%)
The orc writhes in agony!
The orc barely misses you.
Casting: Pain
Confirm with . or Enter, or press ? or * to list all spells.
Aiming: Pain
Press: ? - help, Shift-Dir - straight line, f/p - orc
Aim: an orc, wielding a club and wearing a leather armour (moderately wounded, chance to defeat MR: 93%)
The orc writhes in agony!
You kill the orc!
t - a dagger of venom Wield which item (- for none, * to show all)? (? for menu, Esc to quit)
Your +2 dagger of venom begins to drip with poison!
t - a +2 dagger of venom (weapon)
Adjust (i)tems, (s)pells, or (a)bilities?
Adjust which item? (? for menu, Esc to quit)
t - a +2 dagger of venom (weapon)
Adjust to which letter? (? for menu, Esc to quit)
a - a +2 dagger of venom (weapon);
t - a +0 dagger 2 orcs come into view.
You feel sick.
The orc throws a tomahawk.
The tomahawk closely misses you.
An orc and an orc wizard come into view.
Items here: ( ) [ † a tomahawk; a club; a leather armour; an orc corpse
Items here: ) [[ † a club; a ring mail; a robe; an orc corpse The orc wizard casts a spell at you.
The puff of flame hits you!
You feel sick.
You are no longer poisoned.
There is a stone staircase leading up here.
You climb upwards.
The rat barely misses you. The rat closely misses you.
There is a stone staircase leading down here.
Unknown command.
Casting: Pain
Confirm with . or Enter, or press ? or * to list all spells.
Aiming: Pain
Press: ? - help, Shift-Dir - straight line, f - rat
Aim: a rat (chance to defeat MR: 93%)
The rat writhes in agony!
The rat misses you.
Unknown command.
You barely miss the rat.
The orc wizard shouts!
You bite the rat.
You kill the rat!
Casting: Pain
Confirm with . or Enter, or press ? or * to list all spells.
Aiming: Pain
Press: ? - help, Shift-Dir - straight line, f - orc wizard
Aim: an orc wizard, wielding a dagger and wearing a robe (chance to defeat MR: 84%)
The orc wizard writhes in agony!
The orc shouts!
You hear a shout!
The orc wizard casts a spell at you. The magic dart hits you!
You die...

...# #.....# #.....
####..#### ##(o...# ##<...
#........# #......######....
#........# #.#..............
#........###..o.............
#.................##.##.....
#..........#.#....##.##.....
#..<........................
#........>.@................
#.......................#...
#.........................##
#.........................).
#.......................###.
#####.#####...#.........# #
#. #.# #.#.##..#.###.####
#.# #.## ..#.......###...##
#.# #..# ##............#..


You could see an orc wizard and an orc.

Vanquished Creatures
  An orc wizard (D:4)
  3 adders
  An ooze (D:3)
  A worm (D:3)
  A dart slug (D:1)
  2 leopard geckos (D:2)
  5 orcs
  4 bats
  A giant cockroach (D:1)
  5 goblins
  6 hobgoblins
  3 frilled lizards
  2 kobolds
  6 rats
41 creatures vanquished.

Notes
Turn   | Place    | Note
-------+----------+-------------------------------------------
     0 | D:1      | tidbits the Gnoll Necromancer began the quest for the Orb.
     0 | D:1      | Reached XP level 1. HP: 13/13 MP: 6/6
   220 | D:1      | Reached XP level 2. HP: 5/19 MP: 1/7
   223 | D:1      | Learned a level 1 spell: Animate Skeleton
   398 | D:2      | Found a white marble altar of Elyvilon.
   417 | D:2      | Reached XP level 3. HP: 5/25 MP: 7/9
   422 | D:2      | Learned a level 3 spell: Regeneration
   427 | D:2      | Learned a level 3 spell: Vampiric Draining
   567 | D:2      | Reached skill level 5 in Spellcasting
   652 | D:3      | Reached skill level 1 in Invocations
   713 | D:3      | Found an ornate altar of the Wu Jian Council.
   717 | D:3      | Reached skill level 1 in Fighting
   717 | D:3      | Reached skill level 1 in Short Blades
   717 | D:3      | Reached skill level 1 in Long Blades
   717 | D:3      | Reached skill level 1 in Axes
   717 | D:3      | Reached skill level 1 in Maces & Flails
   717 | D:3      | Reached skill level 1 in Polearms
   717 | D:3      | Reached skill level 1 in Staves
   717 | D:3      | Reached skill level 1 in Slings
   717 | D:3      | Reached skill level 1 in Bows
   717 | D:3      | Reached skill level 1 in Crossbows
   717 | D:3      | Reached skill level 1 in Throwing
   717 | D:3      | Reached skill level 1 in Armour
   717 | D:3      | Reached skill level 1 in Shields
   717 | D:3      | Reached skill level 1 in Unarmed Combat
   717 | D:3      | Reached skill level 1 in Evocations
   717 | D:3      | Reached XP level 4. HP: 24/32 MP: 7/11
   742 | D:3      | Found a sparkling altar of Nemelex Xobeh.
   748 | D:3      | Found a sacrificial altar of Ru.
   751 | D:3      | Found an iron altar of Okawaru.
   901 | D:4      | Reached skill level 1 in Conjurations
   901 | D:4      | Reached skill level 1 in Hexes
   901 | D:4      | Reached skill level 1 in Charms
   901 | D:4      | Reached skill level 1 in Summonings
   901 | D:4      | Reached skill level 1 in Translocations
   901 | D:4      | Reached skill level 1 in Transmutations
   901 | D:4      | Reached skill level 1 in Fire Magic
   901 | D:4      | Reached skill level 1 in Ice Magic
   901 | D:4      | Reached skill level 1 in Air Magic
   901 | D:4      | Reached skill level 1 in Earth Magic
   901 | D:4      | Reached skill level 1 in Poison Magic
   924 | D:3      | Killed from afar by an orc wizard

Skill      XL: |  1  2  3  4 |
---------------+-------------+-----
Spellcasting   | 5 |  5.1
Invocations    | 1 |  1.3
Fighting       | 1 |  1.2
Short Blades   | 1 |  1.2
Long Blades    | 1 |  1.2
Axes           | 1 |  1.2
Maces & Flails | 1 |  1.2
Polearms       | 1 |  1.2
Staves         | 1 |  1.2
Slings         | 1 |  1.2
Bows           | 1 |  1.2
Crossbows      | 1 |  1.2
Throwing       | 1 |  1.2
Armour         | 1 |  1.2
Shields        | 1 |  1.2
Unarmed Combat | 1 |  1.2
Evocations     | 1 |  1.2
Conjurations   | 1 |  1.0
Hexes          | 1 |  1.0
Charms         | 1 |  1.0
Summonings     | 1 |  1.0
Translocations | 1 |  1.0
Transmutations | 1 |  1.0
Fire Magic     | 1 |  1.0
Ice Magic      | 1 |  1.0
Air Magic      | 1 |  1.0
Earth Magic    | 1 |  1.0
Poison Magic   | 1 |  1.0
Dodging        | |  4.7
Stealth        | |  4.3
Necromancy     | |  7.1

Action                   |  1- 3 |  4- 6 || total
-------------------------+-------+-------++-------
Melee: Dagger            |     9 |     4 ||    13
       Bite              |       |     1 ||     1
 Cast: Pain              |    44 |    20 ||    64
       Vampiric Draining |     1 |     1 ||     2
       Regeneration      |     1 |       ||     1
 Stab: Sleeping          |     4 |       ||     4
Armor: Robe              |     2 |     2 ||     4
Dodge: Dodged            |     5 |     8 ||    13

Table legend:
 A = Turns spent in this place as a percentage of turns spent in the entire game.
 B = Non-inter-level travel turns spent in this place as a percentage of non-inter-level travel turns spent in the entire game.
 C = Inter-level travel turns spent in this place as a percentage of turns spent in this place.
 D = Turns resting spent in this place as a percentage of non-inter-level travel turns spent in this place.
 E = Turns spent auto-exploring this place as a percentage of non-inter-level travel turns spent in this place.
 F = Non-inter-level travel turns spent in this place divided by the number of levels of this place that you've seen.
                   A       B       C       D       E      F
               +-------+-------+-------+-------+-------+----------------------
         Total | 100.0 | 100.0 |   3.8 |   0.0 |   0.0 | 222.2
       Dungeon | 100.0 | 100.0 |   3.8 |   0.0 |   0.0 | 222.2
               +-------+-------+-------+-------+-------+----------------------

Table legend:
 A = Kills in this place as a percentage of kills in entire the game.
 B = Kills by you in this place as a percentage of kills by you in the entire game.
 C = Kills by friends in this place as a percentage of kills by friends in the entire game.
 D = Other kills in this place as a percentage of other kills in the entire game.
 E = Experience gained in this place as a percentage of experience gained in the entire game.
 F = Experience gained in this place divided by the number of levels of this place that you have seen.
                   A       B       C       D       E      F
               +-------+-------+-------+-------+-------+----------------------
         Total | 100.0 | 100.0 |   N/A |   N/A | 100.0 |  39.2
       Dungeon | 100.0 | 100.0 |   N/A |   N/A | 100.0 |  39.2
               +-------+-------+-------+-------+-------+----------------------

Vault maps used:
D:1:      sevenhm_arrival_forest_fort_large_4
D:2:      lemuel_doored_altar
D:3:      nicolae_overflow_crystal_walls, minmay_overflow_temple_star_quad
D:4:      grunt_temple_overflow_growth_and_decay, xom_butterflies, serial_shops,
          nicolae_shop_behind_doors, uniq_pikel
